 Dungeon Crawl Stone Soup version 0.30-a0-6-g7c9e10e132 (webtiles) character file.

Game seed: 3130731492077604961

35 Setbun the Magician (level 3, -1/30 HPs)
             Began as a Djinni Cinder Acolyte on Aug 22, 2022.
             Was a High Priest of Ignis.
             Slain by a hobgoblin (2 damage)
             ... on level 1 of the Dungeon.
             The game lasted 00:01:15 (1803 turns).

Setbun the Magician (Djinni Cinder Acolyte)         Turns: 1803, Time: 00:01:16

Health: -1/30      AC:  2    Str: 13    XL:     3   Next: 52%
Gold:   36         EV: 11    Int: 17    God:    Ignis [*****.] SH:  0 Dex:  8

rFire   + + +      SeeInvis .    a - -1 falchion (flame)
rCold   x . .      Faith    .    (no shield)
rNeg    . . .      Spirit   .    b - +0 robe
rPois   ∞          Reflect  .    (no helmet)
rElec   .          Harm     .    (no cloak)
rCorr   .          Rampage  .    (no gloves)
Will    .....                    (boots unavailable)
Stlth   +.........               (no amulet)
HPRegen 0.10/turn                (no ring)
MPRegen 0.00/turn                (no ring)

@: flying, very slightly contaminated
A: sickness immunity, fire resistance 2, cold vulnerability 1, float, innate
caster, HP casting, extra vitality 1
a: Renounce Religion, Fiery Armour, Foxfire Swarm, Rising Flame


You were on level 1 of the Dungeon.
You worshipped Ignis.
Ignis was extremely pleased with you.
You visited 1 branch of the dungeon, and saw 2 of its levels.

You collected 36 gold pieces.

Inventory:

Hand Weapons
 a - a -1 falchion of flaming (weapon)
Armour
 b - a +0 robe (worn)
Scrolls
 d - a scroll of amnesia {unknown}
 f - a scroll of enchant weapon {unknown}
Potions
 c - 2 potions of flight {unknown}
 e - a potion of curing {unknown}
 g - a potion of degeneration {unknown}
 h - a potion of might {unknown}


   Skills:
 - Level 3.0 Fighting
 - Level 2.6 Long Blades
 * Level 3.4 Spellcasting


You had 5 spell levels left.
You knew the following spells:

 Your Spells              Type           Power      Damage    Failure   Level
a - Scorch                Fire           28%        2d6       6%          2
b - Beastly Appendage     Tmut           28%        N/A       4%          1
Your spell library was empty.

Dungeon Overview and Level Annotations

Branches:
Dungeon (2/15)

Altars:


Innate Abilities, Weirdness & Mutations

You are immune to sickness and miasma.
You are immune to poison.
Your flesh is very heat resistant. (rF++)
You are vulnerable to cold. (rC-)
You float through the air rather than walking.
You learn spells naturally, not from books.
Your magical power is your life essence.
You have superior vitality. (+4 MHP)


Message History

The quokka is severely wounded.
The quokka's fire resistance burns away.
You hear an angry hiss.
An adder comes into view.
The bat closely misses you. The quokka closely misses you.
The hobgoblin hits you. The hobgoblin barely misses you.
The quokka barely misses you.
The adder hisses angrily.
The bat hits you but does no damage. The quokka barely misses you.
The bat hits you but does no damage. The hobgoblin closely misses you.
The endoplasm hits you. The hobgoblin closely misses you.
You fly upwards.
There is a stone staircase leading down here.
Flames lash the endoplasm.
You kill the endoplasm!
The quokka bites you but does no damage.
The hobgoblin hits you.
* * * LOW HITPOINT WARNING * * *
The hobgoblin closely misses you.
You are too injured to fight recklessly!
You are too injured to fight recklessly!
You are too injured to fight recklessly!
Unknown command.
Casting: Scorch (safe; 6% risk of failure)
Press: ? - help, Q - select action, (/) - cycle Dir - look around, f - activate You miscast Scorch.
You are very lightly contaminated with residual magic.
Nothing appears to happen.
* * * LOW HITPOINT WARNING * * *
The quokka is no longer more vulnerable to fire.
The quokka bites you but does no damage.
The hobgoblin hits you.
* * * LOW HITPOINT WARNING * * *
The hobgoblin barely misses you.
Casting: Scorch (safe; 6% risk of failure)
Press: ? - help, Q - select action, (/) - cycle Dir - look around, f - activate You miscast Scorch.
Nothing appears to happen.
* * * LOW HITPOINT WARNING * * *
The quokka barely misses you. The hobgoblin hits you.
You die...

#####.## ###.......
##...#####. #....#.....
###########....#.##.#
#..............#.##..
#..............#...##
####..rg.....#####......
#......@g........+......
#[################......
#.# #...... #.#####
#...... #.....# #......
#.....##### #......
#.........# #######
#.........# #.........#


You could see a quokka and 2 hobgoblins.

Vanquished Creatures
  A gnoll (D:1)
  A worm (D:1)
  A dart slug (D:1)
  2 endoplasms (D:1)
  A goblin (D:1)
  2 hobgoblins (D:1)
  A kobold (D:1)
  7 ball pythons
  2 bats (D:1)
  A frilled lizard (D:1)
  2 rats (D:1)
21 creatures vanquished.

Vanquished Creatures (others)
  A plant (D:1)
1 creature vanquished.

Grand Total: 22 creatures vanquished

Notes
Turn   | Place    | Note
-------+----------+-------------------------------------------
     0 | D:1      | Setbun the Djinni Cinder Acolyte began the quest for the
                  | Orb.
     0 | D:1      | Setbun set off with the following spells memorised: Scorch.
     0 | D:1      | Reached XP level 1. HP: 20/20 MP: 0/0
    34 | D:1      | Found a faded altar of an unknown god.
   282 | D:1      | Reached XP level 2. HP: 13/25 MP: 0/0
   873 | D:1      | Reached XP level 3. HP: 2/30 MP: 0/0
   873 | D:1      | Learned a level 1 spell: Beastly Appendage
  1803 | D:1      | Slain by a hobgoblin

Illustrated notes

Levels and vault maps discovered:
D:1:      tarquinn_simple_flora_water_d, layout_basic,
          hellmonk_ecumenical_altar_pennies_from_heaven
D:2:      layout_rooms

Skill      XL: |  1  2 |
---------------+-------+-----
Spellcasting   | 3 |  3.4
Fighting       | |  3.0
Long Blades    | |  2.6

Action                   || total
-------------------------++-------
Melee: Falchion          ||    23
 Cast: Scorch            ||    19
Armor: Robe              ||    12
Dodge: Dodged            ||    44

Table legend: (Time is in decaauts)
 A = Elapsed time spent in this place.
 B = Non-inter-level travel time spent in this place.
 C = Inter-level travel time spent in this place.
 D = Time resting spent in this place.
 E = Time spent auto-exploring this place.
 F = Levels seen in this place.
 G = Mean time per level.
                   A        B        C        D        E       F      G
               +--------+--------+--------+--------+--------+-----+--------+
         Total |   1809 |   1728 |     81 |    938 |    680 |   2 |  904.5 |
       Dungeon |   1809 |   1728 |     81 |    938 |    680 |   2 |  904.5 |
               +--------+--------+--------+--------+--------+-----+--------+

Top non-repeatable levels by time:
     D:1: 1797 daAuts
     D:2: 11 daAuts
